 Dungeon Crawl Stone Soup version 0.20.1-1-g8b1a95d (webtiles) character file.

48 letownia2 the Grave Robber (level 3, -3/28 HPs)
             Began as a Deep Dwarf Necromancer on Nov 1, 2017.
             Slain by an ogre
             ... wielding a +0 giant club
              (23 damage)
             ... on level 4 of the Dungeon.
             The game lasted 00:02:38 (658 turns).

letownia2 the Grave Robber (Deep Dwarf Necromancer)  Turns: 658, Time: 00:02:39

Health: -3/28      AC:  3    Str: 11    XL:     3   Next: 50%
Magic:  1/6        EV: 12    Int: 16    God:
Gold:   35         SH:  0    Dex: 13    Spells: 2/6 levels left

rFire    + . .     SeeInvis .   a - +0 dagger
rCold    . . .     Gourm    .   (no shield)
rNeg     . . .     Faith    .   n - +0 leather armour
rPois    .         Spirit   .   (no helmet)
rElec    .         Reflect  .   (no cloak)
rCorr    .         Harm     .   (no gloves)
MR       .....                  (no boots)
Stlth    ++........             (no amulet)
Regen    0.0/turn               g - ring of flight
MPRegen  0.1/turn               o - ring of protection from fire

@: non-regenerating
A: damage resistance, heal wounds, sense surroundings 1, no regeneration
a: Heal Wounds, Evoke Flight


You were on level 4 of the Dungeon.
You were not hungry.

You visited 1 branch of the dungeon, and saw 4 of its levels.

You collected 35 gold pieces.

Inventory:

Hand Weapons
 a - a +0 dagger (weapon)
 l - a +0 flail
 m - a +0 hand axe
Missiles
 j - 12 poisoned needles
Armour
 h - a +0 robe
 n - a +0 leather armour (worn)
Jewellery
 g - a ring of flight (left hand)
 o - a ring of protection from fire (right hand)
Scrolls
 d - 2 scrolls of identify {unknown}
 e - a scroll of recharging {unknown}
Potions
 i - a potion of might {unknown}
Books
 b - a book of Necromancy

   Spells                             Type                      Level
   a - Pain                           Necromancy                   1
   b - Animate Skeleton               Necromancy                   1
   c - Vampiric Draining              Necromancy                   3
   d - Regeneration                   Charms/Necromancy            3
   e - Animate Dead                   Necromancy                   4
   f - Control Undead                 Necromancy                   4
Comestibles
 c - a bread ration
 f - a royal jelly
 k - 3 chunks of flesh


   Skills:
 - Level 2.1 Dodging
 - Level 2.4 Stealth
 - Level 2.1 Spellcasting
 + Level 5.5 Necromancy


You had 2 spell levels left.
You knew the following spells:

 Your Spells              Type           Power        Failure   Level  Hunger
a - Pain                  Necr           ###.         2%          1    #......
v - Vampiric Draining     Necr           ###.......   9%          3    ###....


Dungeon Overview and Level Annotations

Branches:
Dungeon (4/15)
 Temple: D:4-7

Altars:

Annotations:
D:3 Timinator's ghost, amateur DrTm


Innate Abilities, Weirdness & Mutations

You are resistant to damage.
You can heal yourself by infusing magical energy.
You passively map a small area around you.
You do not regenerate.


Message History

Casting: Pain
Confirm with . or Enter, or press ? or * to list all spells.
Aiming: Pain
Press: ? - help, Shift-Dir - straight line, f/p - ogre
Aim: an ogre, wielding a giant club (lightly wounded, chance to defeat MR: 78%)
The ogre writhes in agony!
Casting: Pain
Confirm with . or Enter, or press ? or * to list all spells.
Aiming: Pain
Press: ? - help, Shift-Dir - straight line, f/p - ogre
Aim: an ogre, wielding a giant club (moderately wounded, chance to defeat MR: 78%)
The ogre writhes in agony!
Casting: Pain
Confirm with . or Enter, or press ? or * to list all spells.
Aiming: Pain
Press: ? - help, Shift-Dir - straight line, f/p - ogre
Aim: an ogre, wielding a giant club (heavily wounded, chance to defeat MR: 78%)
The ogre writhes in agony!
The ogre hits you with a giant club!!
Ouch! That really hurt!
You die...

, *#)# * #.# , ,,
#.# ≈ ≈≈≈ ≈ #.# ≈
≈ ≈ ≈ #.# , , ,
*#.# *####
#####.#
#?8###)8###.8##.#
,
.......O@....##.#
############.##.#
#....# ######


You could see an ogre.

Vanquished Creatures
  3 adders
  3 orcs (D:4)
  A ball python (D:2)
  2 giant cockroaches
  A hobgoblin (D:1)
  2 quokkas
  3 bats (D:1)
  2 goblins (D:1)
  A kobold (D:2)
18 creatures vanquished.

Notes
Turn   | Place    | Note
-------+----------+-------------------------------------------
     0 | D:1      | letownia2 the Deep Dwarf Necromancer began the quest for the Orb.
     0 | D:1      | Reached XP level 1. HP: 15/15 MP: 3/3
   239 | D:2      | Reached XP level 2. HP: 11/22 MP: 0/5
   358 | D:2      | Reached skill level 5 in Necromancy
   426 | D:3      | Noticed Timinator's ghost (amateur DrTm)
   455 | D:4      | Reached XP level 3. HP: 14/28 MP: 0/6
   460 | D:4      | Learned a level 3 spell: Vampiric Draining
   651 | D:4      | Noticed an ogre
   658 | D:4      | Slain by an ogre

Skill      XL: |  1  2 |
---------------+-------+-----
Spellcasting   | 2 |  2.1
Necromancy     | 5 |  5.5
Dodging        | |  2.1
Stealth        | |  2.4

Action                   || total
-------------------------++-------
Melee: Unarmed           ||    19
       Dagger            ||     2
 Cast: Pain              ||    38
       Vampiric Draining ||     2
Armor: Robe              ||    25
Dodge: Dodged            ||    53
